 Dungeon Crawl Stone Soup version 0.24.0-1-gfbc8707122 (webtiles) character file.

Game seed: 15425055712417934921, levelgen mode: deterministic

15 Descartes the Skirmisher (level 2, -1/25 HPs)
             Began as a Formicid Abyssal Knight on Oct 28, 2019.
             Was a Follower of Lugonu.
             Slain by a gnoll
             ... wielding a +0 whip
              (6 damage)
             ... on level 1 of the Dungeon.
             The game lasted 00:01:52 (1274 turns).

Descartes the Skirmisher (Formicid Abyssal Knight)  Turns: 1274, Time: 00:01:53

Health: -1/25      AC:  5    Str: 16      XL:     2   Next: 65%
Magic:  3/3        EV: 10    Int: 11      God:    Lugonu [*.....]
Gold:   81         SH:  0    Dex:  7 (10) Spells: 1/1 levels left

rFire    . . .     SeeInvis +   a - +1 hand axe
rCold    . . .     Gourm    .   (no shield)
rNeg     . . .     Faith    .   r - +0 ring mail
rPois    .         Spirit   .   (helmet unavailable)
rElec    .         Reflect  .   (no cloak)
rCorr    .         Harm     .   (no gloves)
MR       .....                  (no boots)
Stlth    ..........             (no amulet)
HPRegen  0.08/turn              (no ring)
MPRegen  0.08/turn              (no ring)

@: no status effects
A: permanent stasis, dig shafts and tunnels, four strong arms, antennae 3
a: Dig, Shaft Self, Depart the Abyss, Renounce Religion


You were on level 1 of the Dungeon.
You worshipped Lugonu.
Lugonu was aware of your devotion.
You were not hungry.

You visited 1 branch of the dungeon, and saw 2 of its levels.
You visited the Abyss 1 time.

You collected 81 gold pieces.

Inventory:

Hand Weapons
 a - a +1 hand axe (weapon)
Missiles
 h - 30 bolts
 k - 47 stones (quivered)
 l - 34 arrows
 q - a throwing net
Armour
 b - a +0 leather armour
 r - a +0 ring mail (worn)
Scrolls
 d - a scroll of identify {unknown}
 e - a scroll of teleportation {unknown}
 i - a scroll of remove curse {unknown}
 j - a scroll of immolation {unknown}
 m - 2 scrolls of enchant armour {unknown}
 n - a scroll of amnesia {unknown}
Potions
 f - a potion of resistance {unknown}
 g - a potion of lignification {unknown}
 o - a potion of curing {unknown}
Comestibles
 c - 3 rations
 p - 2 chunks of flesh


   Skills:
 + Level 3.8 Fighting
 + Level 2.2 Axes
 + Level 2.2 Armour
 + Level 1.0 Dodging
 + Level 2.2 Invocations


You had one spell level left.
You didn't know any spells.
Your spell library was empty.

Dungeon Overview and Level Annotations

Branches:
Dungeon (2/15)

Altars:


Innate Abilities, Weirdness & Mutations

You cannot be hasted, slowed, berserked, paralysed or teleported.
You can dig through walls and to a lower floor.
Your four strong arms can wield two-handed weapons with a shield.
You have a pair of large antennae on your head. (SInv)


Message History

There is a stone staircase leading up here.
A quokka comes into view.
The gnoll hits you with a +0 whip.
There is a stone staircase leading up here.
The gnoll hits you but does no damage. The gnoll hits you.
The gnoll barely misses you.
You climb upwards.
There is a stone staircase leading down here.
You completely miss the gnoll. You hit the gnoll. The gnoll closely misses you.
The gnoll hits you with a +0 whip!
You hit the gnoll.
The gnoll is lightly wounded.
You hit the gnoll. The gnoll closely misses you.
The gnoll hits you with a +0 whip.
* * * LOW HITPOINT WARNING * * *
You slash the gnoll!
The gnoll is severely wounded.
You hit the gnoll but do no damage. The gnoll barely misses you.
The gnoll hits you with a +0 whip.
You die...

#.#.#.###.##.....รท.......###.#
.##.#.###.##.#.########### #.#
##.##.#...##.#.# #.#
#.##.#######.#.# #.#
.##.########.#.# ####.#
##.##........#.# #....#
..##.######..#.# #.####
..##.#.........####### #.#
.....#.####....g@g...# #.#
####.#.###.....#####.# #.#
#........##.# #.# #.#
#.#.###.###.# ##.## #.# #.#.#
#.# #.# #...###.## #.#.# #.#
#.# #.#......#
#.#.###.###.####...###).#
#.#.##.#.......##### #..#
#...........##.# #..#


You could see 2 gnolls.

Vanquished Creatures
  3 goblins (D:1)
  3 hobgoblins (D:1)
  3 kobolds (D:1)
  A ball python (D:1)
  A frilled lizard (D:1)
  4 rats (D:1)
15 creatures vanquished.

Notes
Turn   | Place    | Note
-------+----------+-------------------------------------------
     0 | Abyss:1  | Descartes the Formicid Abyssal Knight began the quest for
                  | the Orb.
     0 | Abyss:1  | Reached XP level 1. HP: 18/18 MP: 2/2
    58 | Abyss:1  | Noticed a quasit
    89 | D:1      | Escaped the Abyss
   522 | D:1      | Reached * piety under Lugonu
   613 | D:1      | Reached XP level 2. HP: 16/25 MP: 3/3
   616 | D:1      | Reached skill level 1 in Dodging
  1274 | D:1      | Slain by a gnoll

Levels and vault maps discovered:
D:1:      nagdon_arrival_double_spiral, layout_loops_ring, minmay_pentomino_r4
D:2:      layout_rooms, serial_bayou_pond_e, minmay_misc_feat_square

Skill      XL: |  1  2 |
---------------+-------+-----
Dodging        | 1 |  1.0
Fighting       | |  3.8
Axes           | |  2.2
Armour         | |  2.2
Invocations    | |  2.2

Action                   || total
-------------------------++-------
Melee: Hand axe          ||    53
Invok: Depart the Abyss  ||     1
  Eat: Chunk             ||     1
Armor: Leather armour    ||    22
       Ring mail         ||     1
Dodge: Dodged            ||    49
